 Dungeon Crawl Stone Soup version 0.24.0-1-gfbc8707 (webtiles) character file.

Game seed: 9543355189640022833, levelgen mode: deterministic

155 Dorkslayer the Shield-Bearer (level 5, 0/37 HPs)
             Began as an Octopode Fighter on Nov 13, 2019.
             Slain by a gnoll
             ... wielding a +2 halberd of chopping
              (3 damage)
             ... on level 3 of the Dungeon on Nov 14, 2019.
             The game lasted 00:08:05 (1467 turns).

Dorkslayer the Shield-Bearer (Octopode Fighter)     Turns: 1467, Time: 00:08:06

Health: 0/37       AC:  1    Str: 16    XL:     5   Next: 37%
Magic:  5/5        EV: 12    Int: 11    God:
Gold:   108        SH:  9    Dex: 11    Spells: 4/4 levels left

rFire    . . .     SeeInvis .   a - +0 long sword
rCold    . . .     Gourm    .   b - +0 shield
rNeg     . . .     Faith    .   (helmet restricted)
rPois    .         Spirit   .   (no amulet)
rElec    .         Reflect  .   (no ring)
rCorr    .         Harm     .   (no ring)
MR       .....                  (no ring)
Stlth    +++.......             (no ring)
HPRegen  0.12/turn              (no ring)
MPRegen  0.09/turn              (no ring)
                                (no ring)
                                (no ring)

@: lethally poisoned (0 -> -8)
A: almost no armour, stealthy swim, amphibious, 8 rings, constrict 8, camouflage
1, gelatinous body 1
a: no special abilities


You were on level 3 of the Dungeon.
You were not hungry.

You visited 1 branch of the dungeon, and saw 3 of its levels.

You collected 108 gold pieces.

Inventory:

Hand Weapons
 a - a +0 long sword (weapon)
Missiles
 j - 2 javelins (quivered)
 l - a throwing net
 n - 19 poisoned darts
Armour
 b - a +0 shield (worn)
Scrolls
 e - 2 scrolls of immolation {unknown}
 h - 3 scrolls of identify {unknown}
 i - 2 scrolls of remove curse {unknown}
 k - a scroll of fog {unknown}
 m - a scroll of fear {unknown}
 o - 2 scrolls of teleportation {unknown}
Potions
 c - a potion of might
 g - 2 potions of curing
 p - a potion of mutation {unknown}
 q - a potion of agility {unknown}
Comestibles
 d - 5 rations
 f - 14 chunks of flesh


   Skills:
 + Level 3.7 Fighting
 + Level 3.0 Long Blades
 + Level 0.4 Throwing
 + Level 3.7 Dodging
 + Level 1.9 Stealth
 + Level 3.8 Shields


You had 4 spell levels left.
You didn't know any spells.
Your spell library contained the following spells:

 Spells                   Type           Power        Failure   Level  Hunger
 Slow                     Hex            #.......     92%         2    ###....


Dungeon Overview and Level Annotations

Branches:
Dungeon (3/15)

Altars:
The Shining One


Innate Abilities, Weirdness & Mutations

You cannot wear most types of armour.
You are very stealthy in the water. (Stealth+)
You are amphibious.
You can wear up to eight rings at the same time.
You can use your tentacles to constrict eight enemies at once.
Your skin changes colour to match your surroundings (Stealth+).
Your rubbery body absorbs attacks. (AC +1, EV +1)


Message History

Aim: a gnoll, wielding a -3 club (heavily wounded)
You throw a javelin. The javelin barely misses the gnoll. x2
The javelin pierces through the gnoll.
The gnoll is heavily wounded.
The javelin barely misses the gnoll.
You feel sick. You block the gnoll's attack. The gnoll barely misses you.
Throwing (i - inventory. (/) - cycle)
j - 3 javelins (quivered)
Press: ? - help, Shift-Dir - straight line, f - gnoll, p - gnoll
Aim: a gnoll, wielding a +0 club You throw a javelin.
The javelin barely misses the gnoll.
The javelin pierces through the gnoll.
The gnoll is almost dead.
The javelin barely misses the gnoll.
The javelin pierces through the gnoll but does no damage.
The gnoll is heavily wounded.
The javelin barely misses the gnoll.
You feel sick. You block the gnoll's attack.
The gnoll hits you from afar with a +2 halberd of chopping!
* * * LOW HITPOINT WARNING * * *
You die...

... ..# #.# #.#
#.# #.# #.# #.#
#.# #.#
##(####.###.#
agggggg.....######
#@.........#
#.##.#####.#
###.##.# ##.#
###...##.####..#
#.......รท...#.##
#.#.####.##.#.#
#.#.# #.# #.#
#.#.# #.# #.#
#.#.####.##.#.#


You could see a worker ant and 6 gnolls.

Vanquished Creatures
  Jessica (D:2)
  A gnoll (D:3)
  5 adders
  A worm (D:3)
  2 dart slugs
  4 leopard geckos
  2 orcs (D:3)
  7 bats
  10 goblins
  6 hobgoblins
  11 kobolds
  2 quokkas
  3 ball pythons
  5 frilled lizards
  5 rats
65 creatures vanquished.

Notes
Turn   | Place    | Note
-------+----------+-------------------------------------------
     0 | D:1      | Dorkslayer the Octopode Fighter began the quest for the
                  | Orb.
     0 | D:1      | Reached XP level 1. HP: 16/16 MP: 1/1
   108 | D:1      | Reached XP level 2. HP: 13/21 MP: 2/2
   420 | D:1      | Reached XP level 3. HP: 26/26 MP: 3/3
   934 | D:2      | Noticed Jessica
   939 | D:2      | Killed Jessica
   939 | D:2      | Reached skill level 1 in Stealth
   939 | D:2      | Reached XP level 4. HP: 31/31 MP: 4/4
   955 | D:2      | Identified Jessica's Disquisition on Execration
  1159 | D:3      | Found a glowing golden altar of the Shining One.
  1364 | D:3      | Reached XP level 5. HP: 31/36 MP: 5/5
  1467 | D:3      | Slain by a gnoll

Levels and vault maps discovered:
D:1:      roderic_crossed_star, layout_rooms, kennysheep_doodads
D:2:      layout_rooms, kennysheep_jessica_study
D:3:      layout_loops_ring, overflow_temple_1_default

Skill      XL: |  1  2  3  4  5 |
---------------+----------------+-----
Stealth        | 1 |  1.9
Long Blades    | 3 |  3.0
Fighting       | |  3.7
Throwing       | |  0.4
Dodging        | |  3.7
Shields        | |  3.8

Action                   |  1- 3 |  4- 6 || total
-------------------------+-------+-------++-------
Melee: Long sword        |    65 |    35 ||   100
       Constrict         |    21 |     9 ||    30
       Tentacles         |    16 |     4 ||    20
Throw: Javelin           |     4 |    16 ||    20
  Use: Potion            |       |     1 ||     1
 Stab: Sleeping          |     1 |     3 ||     4
  Eat: Chunk             |       |     2 ||     2
Armor: Skin              |     4 |     4 ||     8
Dodge: Dodged            |    35 |    22 ||    57
Block: Shield            |    28 |    18 ||    46
       Rpst.: Long sword |     8 |     6 ||    14
